 Dungeon Crawl Stone Soup version 0.26-a0-651-gb41185065b (webtiles) character file.

Game seed: 5005689250048521910

730 Azzok the Ruffian (level 7, -4/52 HPs)
             Began as a Demonspawn Fighter on Oct 17, 2020.
             Was a Priest of Cheibriados.
             Slain by a sky beast (6 damage)
             ... on level 5 of the Dungeon.
             The game lasted 00:08:12 (5592 turns).

Azzok the Ruffian (Demonspawn Fighter)              Turns: 5592, Time: 00:08:12

Health: -4/52      AC: 12    Str: 23    XL:     7   Next: 44%
Magic:  4/7        EV: 11    Int: 18    God:    Cheibriados [***...]
Gold:   193        SH:  0    Dex: 20    Spells: 6/6 levels left

rFire    . . .     SeeInvis .     - Unarmed
rCold    . . .     Faith    .   (no shield)
rNeg     . . .     Spirit   .   d - +0 chain mail
rPois    .         Reflect  .   m - +0 helmet
rElec    .         Harm     .   (no cloak)
rCorr    .         Rampage  .   (no gloves)
MR       .....                  (no boots)
Stlth    ..........             (no amulet)
HPRegen  0.17/turn              o - +4 ring of evasion
MPRegen  0.10/turn              (no ring)

@: very slow
A: claws 1, thin metallic scales 1, powered by pain 1
a: Bend Time, Temporal Distortion, Renounce Religion


You were on level 5 of the Dungeon.
You worshipped Cheibriados.
Cheibriados was most pleased with you.
You visited 2 branches of the dungeon, and saw 6 of its levels.
You also visited: Sewer.

You collected 193 gold pieces.

Inventory:

Armour
 b - a +0 kite shield
 d - a +0 chain mail (worn)
 m - a +0 helmet (worn)
Jewellery
 o - a +4 ring of evasion (left claw)
 p - an uncursed ring of magical power {unknown}
Scrolls
 c - a scroll of blinking {unknown}
 e - a scroll of magic mapping
 g - 2 scrolls of fog
 h - 2 scrolls of enchant weapon {unknown}
 k - a scroll of immolation {unknown}
 l - 5 scrolls of teleportation {unknown}
 q - a scroll of identify
Potions
 a - 5 potions of heal wounds {unknown}
 f - a potion of invisibility
 i - a potion of mutation {!q}
 j - 3 potions of brilliance
 n - 3 potions of curing {unknown}
 r - a potion of ambrosia {unknown}
 s - a potion of flight {unknown}


   Skills:
 - Level 3.0 Fighting
 - Level 2.6 Armour
 - Level 2.6 Shields
 + Level 7.8 Unarmed Combat


You had 6 spell levels left.
You didn't know any spells.
Your spell library was empty.

Dungeon Overview and Level Annotations

Branches:
Dungeon (5/15)             Temple (1/1) D:4           Sewer (visited)

Altars:
Cheibriados
Elyvilon
Fedhas
Gozag
Kikubaaqudgha
Okawaru
Sif Muna
Trog
Uskayaw
Vehumet
Yredelemnul

Annotations:
D:3 2 runed translucent doors, donkeybrains's ghost, amateur GrFi


Innate Abilities, Weirdness & Mutations

You have sharp fingernails.
You are partially covered in thin metallic scales. (AC +2)
You sometimes gain a little power by taking damage.


Message History

The sky beast hits you but does no damage.
The dart slug bites you but does no damage.
The gnoll misses you.
Things that are here:
a +0 club; a +0 whip; a gnoll corpse The flow of time bends around you.
The sky beast resists with some effort.
Cheibriados rebukes the dart slug.
The dart slug seems to slow down.
Cheibriados rebukes the gnoll.
The gnoll seems to slow down.
The gnoll hits you but does no damage.
The sky beast hits you but does no damage.
The gnoll barely misses you.
You scratch the gnoll. You claw the gnoll!
The gnoll is almost dead.
The sky beast flickers out of sight!
Deactivating autopickup; reactivate with Ctrl-A.
Something hits you.
* * * LOW HITPOINT WARNING * * *
Something shocks you.
You die...

▒▒···· ▒·······▒·▒······
▒▒····· ▒▒▒▒·····▒▒········
·······▒▒········▒···)·····
·····(···················▒
·············▒▒·········▒
▒········▒▒··▒▒▒········▒▒
▒··▒▒·▒▒(▒▒··▒▒··········▒
·▒········▒▒▒·▒▒······▒
▒······≈{@··▒▒·▒▒······▒
▒·······wg·▒▒·········▒▒
·······▒▒·▒·g▒··)·······▒▒
·······▒▒·▒)·······▒>·····▒
··▒▒····▒················▒▒
······▒···)··▒▒········▒▒▒
····▒·······<▒▒·▒▒▒···▒
▒···▒····▒·····)▒▒▒··▒▒
····▒····▒·······▒··▒▒▒


You could see 2 gnolls and a dart slug (slow).

Vanquished Creatures
  Purgy (Sewer)
  An ogre (D:3)
  A howler monkey (D:5)
  A hound (D:5)
  A bullfrog skeleton (D:3)
  2 orc priests
  An orc wizard (D:5)
  2 iguanas
  2 worker ants (D:4)
  Robin (D:4)
  6 gnolls
  7 adders
  An ooze (D:3)
  An adder zombie (D:5)
  3 worms
  A dart slug (D:1)
  7 leopard geckos
  9 orcs
  6 bats
  5 giant cockroaches
  6 hobgoblins
  3 jackals (D:2)
  2 quokkas
  4 ball pythons
  8 frilled lizards
  15 goblins
  A jackal skeleton (D:4)
  6 kobolds
  A quokka skeleton (D:4)
  13 rats
118 creatures vanquished.

Notes
Turn   | Place    | Note
-------+----------+-------------------------------------------
     0 | D:1      | Azzok the Demonspawn Fighter began the quest for the Orb.
     0 | D:1      | Reached XP level 1. HP: 18/18 MP: 1/1
    70 | D:1      | Reached skill level 2 in Unarmed Combat
   380 | D:1      | Gained mutation: You are partially covered in thin metallic
                  | scales. (AC +2) [demonic ancestry]
   380 | D:1      | Reached XP level 2. HP: 23/24 MP: 2/2
  1237 | D:1      | Reached skill level 3 in Unarmed Combat
  1440 | D:2      | You fall into a shaft and drop 2 floors!
  1458 | D:4      | Gained mutation: You sometimes gain a little power by
                  | taking damage. [demonic ancestry]
  1458 | D:4      | Reached XP level 3. HP: 10/29 MP: 3/3
  1901 | D:4      | Found a glowing drain.
  1910 | Sewer    | Entered a sewer
  2148 | Sewer    | Noticed Purgy
  2165 | Sewer    | Killed Purgy
  2165 | Sewer    | Reached skill level 5 in Unarmed Combat
  2165 | Sewer    | Reached XP level 4. HP: 28/35 MP: 4/4
  2165 | Sewer    | Reached XP level 5. HP: 33/41 MP: 5/5
  2339 | D:4      | Found a staircase to the Ecumenical Temple.
  2366 | Temple   | Entered the Ecumenical Temple
  2413 | Temple   | Became a worshipper of Cheibriados the Contemplative
  2533 | D:4      | Noticed Robin
  2563 | D:4      | Killed Robin
  2801 | D:3      | Reached * piety under Cheibriados
  2942 | D:2      | Found a radiant altar of Vehumet.
  3249 | D:2      | Reached ** piety under Cheibriados
  3550 | D:3      | Gained mutation: You have sharp fingernails. [demonic
                  | ancestry]
  3550 | D:3      | Reached XP level 6. HP: 47/47 MP: 6/6
  3568 | D:3      | Found a large runed translucent door.
  3568 | D:3      | Found a large runed translucent door.
  3583 | D:3      | Reached skill level 6 in Unarmed Combat
  4030 | D:3      | Noticed donkeybrains's ghost (amateur GrFi)
  4231 | D:3      | Reached *** piety under Cheibriados
  4672 | D:4      | Reached skill level 7 in Unarmed Combat
  4767 | D:4      | Reached XP level 7. HP: 41/52 MP: 7/7
  5264 | D:4      | Found a blossoming altar of Fedhas.
  5349 | D:5      | Entered Level 5 of the Dungeon
  5592 | D:5      | HP: 2/52 [something (4)]
  5592 | D:5      | Slain by a sky beast

Illustrated notes

Levels and vault maps discovered:
D:1:      tarquinn_simple_flora_water_e, layout_loops_ring,
          kennysheep_pointless_box
D:2:      layout_loops_ring, nicolae_overflow_crystal_walls
D:3:      layout_loops_corners, ebering_ghost_disaster_area
D:4:      layout_loops_ring, fedhas_altar_4, minmay_temple_entry_stoned_glass,
          portal_sewer_entry_d, minmay_misc_feat_diagonals, uniq_robin
D:5:      layout_cave_pools, nicolae_overflow_hidden_temple,
          makhleb_blood_cavern_becter, uniq_duvessa
Temple:   jpeg_temple_island

Skill      XL: |  1  2  3  4  5  6 |
---------------+-------------------+-----
Unarmed Combat | 2 3 5 7 |  7.8
Fighting       | |  3.0
Armour         | |  2.6
Shields        | |  2.6

Action                   |  1- 3 |  4- 6 |  7- 9 || total
-------------------------+-------+-------+-------++-------
Melee: Unarmed           |   151 |   244 |    67 ||   462
       Punch             |     2 |     7 |     5 ||    14
Invok: Bend Time         |       |       |     1 ||     1
  Use: Scroll            |     5 |     2 |       ||     7
       Potion            |     2 |       |       ||     2
Armor: Scale mail        |    75 |     5 |       ||    80
       Chain mail        |       |   122 |    47 ||   169
Dodge: Dodged            |    71 |   102 |    43 ||   216

Table legend: (Time is in decaauts)
 A = Elapsed time spent in this place.
 B = Non-inter-level travel time spent in this place.
 C = Inter-level travel time spent in this place.
 D = Time resting spent in this place.
 E = Time spent auto-exploring this place.
 F = Levels seen in this place.
 G = Mean time per level.
                   A        B        C        D        E       F      G
               +--------+--------+--------+--------+--------+-----+--------+
         Total |   6706 |   6347 |    359 |    882 |   4413 |   7 |  958.0 |
       Dungeon |   6194 |   5880 |    314 |    743 |   4182 |   5 | 1238.8 |
        Temple |     92 |     48 |     44 |      0 |     38 |   1 |   92.0 |
         Sewer |    419 |    419 |      0 |    139 |    193 |   1 |  419.0 |
               +--------+--------+--------+--------+--------+-----+--------+

Top non-repeatable levels by time:
     D:4: 2057 daAuts
     D:3: 1641 daAuts
     D:1: 1387 daAuts
     D:2: 968 daAuts
   Sewer: 419 daAuts
     D:5: 139 daAuts
  Temple: 92 daAuts
